 Dungeon Crawl Stone Soup version 0.29-a0-284-gf9362112df (webtiles) character file.

Game seed: 11602972093196301149

5593 garrulousMonolith the Cleaver (level 10, 0/90 HPs)
             Began as a Hill Orc Monk on Mar 28, 2022.
             Was an Elder of Beogh.
             Slain by a two-headed ogre
             ... wielding a +0 giant club
              (12 damage)
             ... on level 10 of the Dungeon.
             The game lasted 00:11:26 (11505 turns).

garrulousMonolith the Cleaver (Hill Orc Monk)      Turns: 11505, Time: 00:11:26

Health: 0/90       AC: 20    Str: 23    XL:     10   Next: 73%
Magic:  13/16      EV:  9    Int: 10    God:    Beogh [****..]
Gold:   525        SH:  4    Dex: 21    Spells: 9/9 levels left

rFire   . . .      SeeInvis .   c - +7 Throatcutter {drain, coup de grace}
rCold   . . .      Faith    +   I - +0 buckler
rNeg    . . .      Spirit   .   x - +0 plate armour
rPois   .          Reflect  .   i - +1 helmet
rElec   .          Harm     .   n - +1 cloak
rCorr   .          Rampage  .   b - +0 pair of gloves
Will    .....                   t - +0 pair of boots
Stlth   ..........              P - amulet of faith
HPRegen 0.25/turn               v - +6 ring of strength
MPRegen 0.15/turn               u - +6 ring of dexterity

@: no status effects
A: no striking features
a: Renounce Religion, Smiting, Recall Orcish Followers


You were on level 10 of the Dungeon.
You worshipped Beogh.
Beogh was greatly pleased with you.
You visited 1 branch of the dungeon, and saw 10 of its levels.
You also visited: Sewer.

You collected 525 gold pieces.

Inventory:

Hand Weapons
 a - a +0 hand axe
 c - the +7 Throatcutter (weapon) {drain, coup de grace}
   (You took it off Terence on level 3 of the Dungeon)

   A truly terrible weapon, it drains the life of any living foe it strikes.
   It may instantly kill foes which have little health.
 C - the +6 flail of Punewka Wail {distort, rElec Str+3 Int+4 Dex+3}
   (You found it in a sewer)

   It warps and distorts space around it, and may blink, banish, or inflict
   extra damage upon those it strikes.
   Unwielding it can cause banishment or high damage.
   Str:       It affects your strength (+3).
   Int:       It affects your intelligence (+4).
   Dex:       It affects your dexterity (+3).
   rElec:     It insulates you from electricity.
 E - a +0 war axe
 K - the +7 staff of the Meek {protect, meekguard}
   (You found it on level 7 of the Dungeon)

   It grants its wielder temporary protection when it strikes (+7 to AC).
   It provides extra protection to wielders with little health.
 L - a +0 halberd
 N - a +0 halberd
Missiles
 k - 18 boomerangs (quivered)
 m - 314 stones
 D - 27 poisoned darts
 H - 3 throwing nets
Armour
 b - a +0 pair of gloves (worn)
 i - a +1 helmet (worn)
 n - a +1 cloak (worn)
 t - a +0 pair of boots (worn)
 x - a +0 plate armour (worn)
 F - a scarf of resistance
 I - a +0 buckler (worn)
Jewellery
 h - an amulet of reflection
 u - a +6 ring of dexterity (right hand)
 v - a +6 ring of strength (left hand)
 P - an amulet of faith (around neck)
Wands
 J - a wand of mindburst (28)
 M - a wand of iceblast (8)
Scrolls
 e - a scroll of vulnerability {unknown}
 j - 3 scrolls of enchant armour {unknown}
 o - 5 scrolls of teleportation
 p - 3 scrolls of fog {unknown}
 r - 2 scrolls of magic mapping {unknown}
 s - a scroll of amnesia {unknown}
 w - 3 scrolls of enchant weapon
 y - a scroll of summoning {unknown}
 A - a scroll of fear {unknown}
 G - 3 scrolls of blinking {unknown}
 O - a scroll of identify
 Q - a scroll of brand weapon {unknown}
Potions
 d - a potion of brilliance
 f - 3 potions of heal wounds
 g - a potion of magic
 l - a potion of attraction
 z - a potion of haste
 B - 2 potions of flight


   Skills:
 + Level 8.7 Fighting
 * Level 12.7 Axes
 + Level 7.1 Armour
 - Level 5.0 Dodging
 - Level 1.5 Stealth
 + Level 8.5 Invocations


You had 9 spell levels left.
You didn't know any spells.
Your spell library contained the following spells:

 Spells                   Type           Power      Damage    Failure   Level
 Beastly Appendage        Tmut           0%         N/A       100%        1
 Wereblood                Tmut           0%         N/A       100%        2
 Spider Form              Tmut/Pois      0%         N/A       100%        3
 Tukima's Dance           Hex            0%         N/A       100%        3
 Passage of Golubria      Tloc           0%         N/A       100%        4
 Yara's Violent Unravell  Hex/Tmut       0%         3d3       100%        5


Dungeon Overview and Level Annotations

Branches:
Dungeon (10/15)            Temple (0/1) D:5            Lair (0/6) D:9
    Orc (0/2) D:9           Sewer (visited)

Altars:
Qazlal
Ru
Zin

Annotations:
D:8 2 transporters, Bimmy's ghost, novice TrMo


Message History

The two-headed ogre hits you but does no damage.
You hit the two-headed ogre.
The two-headed ogre is lightly wounded.
The two-headed ogre hits you with a +0 giant club!
The two-headed ogre hits you but does no damage.
Marbaugh roars a battlecry!
Your orcs go into a battle-frenzy!
You are too injured to fight recklessly!
You hit the two-headed ogre.
The two-headed ogre is lightly wounded.
The two-headed ogre hits you with a +0 giant club!
The two-headed ogre hits you but does no damage.
You slash the two-headed ogre!
The two-headed ogre is moderately wounded.
The two-headed ogre completely misses you.
You block the two-headed ogre's attack.
You slice the two-headed ogre!!
The two-headed ogre is heavily wounded.
The two-headed ogre barely misses you.
The two-headed ogre hits you but does no damage.
You closely miss the two-headed ogre.
The two-headed ogre is heavily wounded.
The two-headed ogre hits you with a +0 giant club!!
The two-headed ogre hits you with a +0 giant club.
You completely miss the two-headed ogre.
The two-headed ogre is heavily wounded.
The two-headed ogre hits you but does no damage.
You block the two-headed ogre's attack.
You hit the two-headed ogre.
The two-headed ogre is heavily wounded.
You block the two-headed ogre's attack.
The two-headed ogre hits you with a +0 giant club!!
* * * LOW HITPOINT WARNING * * *
Aiming: Smiting
Press: ? - help, Dir - move target, f - two-headed ogre Smite: a two-headed ogre, wielding two +0 giant clubs (heavily wounded, ally target)
You smite the two-headed ogre!!
The two-headed ogre is almost dead.
The two-headed ogre hits you with a +0 giant club!
You die...

###...# #.#.# #
#^..####.#.#
#..........#
#..######### #..# #..#
..#####..#
.........############.#
...####......ooo@O....#
#################


You could see a two-headed ogre (ally target), the friendly Marbaugh the orc
knight, a friendly orc warrior (strong) and a friendly orc (strong).

Vanquished Creatures
  A troll (D:10)
  Prince Ribbit (D:6)
  A shadow (D:9)
  A yak (D:9)
  A wyvern (D:8)
  A steam dragon (D:7)
  2 wargs (D:9)
  An acid dragon (D:7)
  Edmund (D:4)
  2 water moccasins
  2 sky beasts (D:7)
  Pargi (Sewer)
  A black bear (D:6)
  3 orc warriors
  An ice beast (D:7)
  4 centaurs
  3 ogres
  A phantom (D:4)
  2 kobold brigands
  A bullfrog (D:7)
  3 necrophages
  A gnoll sergeant (D:8)
  4 scorpions
  4 wights
  5 killer bees
  5 howler monkeys
  3 jellies
  2 hounds
  A gnoll shaman (D:8)
  4 orc priests
  Terence (D:3)
  3 iguanas
  2 orc wizards (D:6)
  Natasha (thrice) (D:3)
  5 adders
  13 gnolls
  A white imp (D:7)
  An ufetubus (D:5)
  2 worms
  3 dart slugs
  17 orcs
  3 bats
  7 endoplasms
  7 giant cockroaches
  7 goblins
  9 hobgoblins
  7 quokkas
  6 ball pythons
  5 frilled lizards
  35 kobolds
  5 rats
205 creatures vanquished.

Vanquished Creatures (collateral kills)
  3 yaks (D:9)
  A warg (D:9)
  An acid dragon (D:10)
  A bullfrog (D:9)
  3 wights (D:8)
  5 killer bees
  2 jellies (D:8)
  3 gnolls (D:8)
  4 orcs
23 creatures vanquished.

Vanquished Creatures (others)
  An orc warrior (D:9)
  3 orc wizards
  7 orcs
  A hound (D:5)
  7 plants
19 creatures vanquished.

Grand Total: 247 creatures vanquished

Notes
Turn   | Place    | Note
-------+----------+-------------------------------------------
     0 | D:1      | garrulousMonolith the Hill Orc Monk began the quest for the
                  | Orb.
     0 | D:1      | Reached XP level 1. HP: 19/19 MP: 1/1
   255 | D:1      | Reached XP level 2. HP: 22/27 MP: 2/2
   468 | D:1      | Reached skill level 1 in Invocations
   698 | D:2      | Reached skill level 1 in Armour
   698 | D:2      | Reached XP level 3. HP: 33/33 MP: 3/3
   896 | D:2      | Found a faded altar of an unknown god.
  1165 | D:2      | Reached skill level 5 in Axes
  1165 | D:2      | Reached XP level 4. HP: 37/40 MP: 5/5
  1993 | D:3      | Noticed Natasha
  2007 | D:3      | Killed Natasha
  2008 | D:3      | Reached XP level 5. HP: 29/46 MP: 6/6
  2208 | D:3      | Noticed Natasha
  2218 | D:3      | Killed Natasha
  2427 | D:3      | Noticed Natasha
  2437 | D:3      | Killed Natasha
  2705 | D:3      | Noticed Terence
  3129 | D:3      | Killed Terence
  3130 | D:3      | Reached skill level 6 in Axes
  3130 | D:3      | Reached XP level 6. HP: 46/46 MP: 7/7
  3620 | D:4      | Noticed Edmund
  3624 | D:4      | Killed Edmund
  3625 | D:4      | Reached skill level 5 in Fighting
  3703 | D:4      | Reached XP level 7. HP: 61/61 MP: 9/9
  3725 | D:4      | Reached skill level 7 in Axes
  4296 | D:5      | Entered Level 5 of the Dungeon
  4306 | D:5      | Reached XP level 8. HP: 53/69 MP: 11/11
  4389 | D:5      | Became a worshipper of Beogh the Brigand
  4389 | D:5      | Reached * piety under Beogh
  4389 | D:5      | Reached ** piety under Beogh
  4411 | D:5      | Found a staircase to the Ecumenical Temple.
  4417 | D:5      | Reached skill level 8 in Axes
  4571 | D:5      | Found a glowing drain.
  4586 | Sewer    | Entered a sewer
  4603 | Sewer    | Noticed Pargi
  4608 | Sewer    | Killed Pargi
  4709 | Sewer    | Identified the +6 flail of Punewka Wail {distort, rElec
                  | Str+3 Int+4 Dex+3}
  5161 | D:5      | Reached skill level 5 in Invocations
  5975 | D:6      | Reached skill level 9 in Axes
  6121 | D:6      | Reached XP level 9. HP: 71/78 MP: 13/13
  6399 | D:6      | Identified the +0 leather armour of the Moon Troll {Str+4
                  | Slay+3}
  6401 | D:6      | Noticed Prince Ribbit
  6407 | D:6      | Killed Prince Ribbit
  6412 | D:6      | Reached *** piety under Beogh
  6413 | D:6      | Reached skill level 5 in Armour
  6625 | D:6      | Reached skill level 10 in Axes
  7884 | D:7      | Reached skill level 5 in Dodging
  7906 | D:7      | Found a glowing silver altar of Zin.
  7909 | D:7      | Reached skill level 11 in Axes
  8170 | D:7      | Reached XP level 10. HP: 38/88 MP: 15/15
  8458 | D:7      | Found the +7 staff of the Meek {protect, meekguard}
  8985 | D:8      | Reached **** piety under Beogh
  9293 | D:8      | Found a stormy altar of Qazlal.
  9358 | D:8      | Noticed Bimmy's ghost (novice TrMo)
  9392 | D:8      | Found a sacrificial altar of Ru.
  9439 | D:8      | Found a transporter.
  9441 | D:8      | Found a transporter.
  9592 | D:9      | Reached skill level 12 in Axes
  9644 | D:9      | Gained Marbaugh as an ally
 10043 | D:9      | Found a staircase to the Lair.
 10139 | D:9      | Found a staircase to the Orcish Mines.
 10870 | D:10     | Entered Level 10 of the Dungeon
 11493 | D:10     | Noticed a two-headed ogre
 11505 | D:10     | Slain by a two-headed ogre

Illustrated notes

Levels and vault maps discovered:
D:1:      minmay_arrival_solitary_statue, layout_loops_ring,
          minmay_split_cup_small
D:2:      layout_loops_ring, nicolae_ecumenical_snake_handling
D:3:      layout_loops_ring, kennysheep_big_empty_room, uniq_terence,
          uniq_natasha
D:4:      layout_loops_ring, uniq_edmund
D:5:      kennysheep_kobold_camp, layout_gridville, temple_statues,
          gup_sewer_entry_pipe
D:6:      layout_layer_cave, uniq_prince_ribbit1
D:7:      layout_cave_pools, mainiacjoe_overflow_alcove_1
D:8:      layout_cave_pools, nicolae_ru_awakened_eye,
          nicolae_qazlal_scattered_showers, gammafunk_ghost_hive,
          grunt_decor_cap
D:9:      layout_irregular_city, erik_lair_orcish_takeover, david_orc_2
D:10:     layout_loops_ring, mainiacjoe_overflow_catwalk_spiral,
          gammafunk_temple_overflow_elements

Skill      XL: |  1  2  3  4  5  6  7  8  9 10 |
---------------+-------------------------------+-----
Invocations    | 1 2 3 4 5 7 8 |  8.5
Armour         | 1 2 3 4 6 7 |  7.1
Fighting       | 4 5 6 7 8 |  8.7
Axes           | 5 6 7 9 11 12 | 12.7
Dodging        | 3 4 5 |  5.0
Stealth        | |  1.5

Action                   |  1- 3 |  4- 6 |  7- 9 | 10-12 || total
-------------------------+-------+-------+-------+-------++-------
Melee: Hand axe          |   114 |   133 |       |       ||   247
       Punch             |     1 |     2 |     2 |       ||     5
       Long sword        |       |    11 |   259 |   108 ||   378
Throw: Boomerang         |       |     3 |       |       ||     3
Invok: Convert to Beogh  |       |       |     1 |       ||     1
       Smiting           |       |       |       |     1 ||     1
  Use: Scroll            |       |     5 |     2 |     3 ||    10
       Potion            |       |     4 |     1 |     2 ||     7
 Stab: Distracted        |       |       |       |     2 ||     2
Armor: Scale mail        |    58 |    36 |     8 |       ||   102
       Robe              |     1 |       |       |       ||     1
       Plate armour      |       |       |   256 |   127 ||   383
Dodge: Dodged            |    88 |    46 |   128 |    77 ||   339
Block: Other             |    12 |    24 |    82 |       ||   118
       Reflection        |       |       |     3 |     4 ||     7
       Buckler           |       |       |       |    51 ||    51

Table legend: (Time is in decaauts)
 A = Elapsed time spent in this place.
 B = Non-inter-level travel time spent in this place.
 C = Inter-level travel time spent in this place.
 D = Time resting spent in this place.
 E = Time spent auto-exploring this place.
 F = Levels seen in this place.
 G = Mean time per level.
                   A        B        C        D        E       F      G
               +--------+--------+--------+--------+--------+-----+--------+
         Total |  11670 |  11370 |    300 |   3003 |   6538 |  11 | 1060.9 |
       Dungeon |  11532 |  11232 |    300 |   3003 |   6433 |  10 | 1153.2 |
         Sewer |    138 |    138 |      0 |      0 |    105 |   1 |  138.0 |
               +--------+--------+--------+--------+--------+-----+--------+

Top non-repeatable levels by time:
     D:6: 2089 daAuts
     D:5: 1424 daAuts
     D:2: 1351 daAuts
     D:9: 1308 daAuts
     D:3: 1266 daAuts
     D:4: 989 daAuts
     D:7: 930 daAuts
     D:8: 830 daAuts
     D:1: 696 daAuts
    D:10: 645 daAuts
   Sewer: 138 daAuts
